 Dungeon Crawl Stone Soup version 0.32-a0-18-g89e19f1974 (webtiles) character file.

Game seed: 6640030124631322449

199 graki42 the Conjurer (level 5, 0/57 HPs)
             Began as a Gnoll Conjurer on Jan 16, 2024.
             Incinerated by a bombardier beetle (2 damage)
             ... with a burning spray
             ... on level 5 of the Dungeon.
             The game lasted 00:08:18 (3529 turns).

graki42 the Conjurer (Gnoll Conjurer)               Turns: 3529, Time: 00:08:20

Health: 0/57       AC:  3    Str:  7    XL:     5   Next: 77%
Magic:  8/12       EV: 28    Int: 19    God:
Gold:   144        SH:  0    Dex: 10    Spells: 3/14 levels left

rFire   . . .        g - +0 dagger
rCold   . . .        (no shield)
rNeg    . . .        a - +0 robe
rPois   .            (no helmet)
rElec   .            (no cloak)
rCorr   +            e - +0 pair of gloves
SInv    .            (no boots)
Will    .....        q - amulet of the acrobat Stlth
                     c - ring of flight
HPRegen 0.29/turn    i - ring of resist corrosion
MPRegen 0.13/turn

%: acrobat
@: berserking, on fire, acrobatic, flying, glowing, very quick
A: fangs 1, strong nose, distributed training
a: no special abilities


You were on level 5 of the Dungeon.
You visited 1 branch of the dungeon, and saw 5 of its levels.

You collected 183 gold pieces.
You spent 39 gold pieces at shops.

Inventory:

Hand Weapons
 g - a +0 dagger (weapon)
Armour
 a - a +0 robe (worn)
 e - a +0 pair of gloves (worn)
 n - a scarf of invisibility
Magical Staves
 h - a staff of fire
Jewellery
 c - a ring of flight (left hand)
 i - a ring of resist corrosion (right hand)
 q - an amulet of the acrobat (around neck)
 r - a +6 ring of dexterity
Scrolls
 d - a scroll of teleportation
 m - a scroll of blinking
 s - a scroll of fog
Potions
 b - a potion of magic
 j - a potion of mutation
 k - a potion of resistance
 l - a potion of attraction
 p - a potion of haste


   Skills:
 + Level 1.7 Fighting
 + Level 1.7 Short Blades
 + Level 1.7 Long Blades
 + Level 1.7 Axes
 + Level 1.7 Maces & Flails
 + Level 1.7 Polearms
 + Level 1.7 Staves
 + Level 1.7 Ranged Weapons
 + Level 1.7 Throwing
 + Level 1.7 Armour
 + Level 4.9 Dodging
 + Level 4.5 Stealth
 + Level 1.7 Shields
 + Level 1.7 Unarmed Combat
 + Level 5.2 Spellcasting
 + Level 7.2 Conjurations
 + Level 1.3 Hexes
 + Level 1.3 Summonings
 + Level 1.3 Necromancy
 + Level 1.3 Translocations
 + Level 1.3 Fire Magic
 + Level 1.3 Ice Magic
 + Level 1.3 Air Magic
 + Level 1.3 Earth Magic
 + Level 1.3 Alchemy
 + Level 1.9 Invocations
 + Level 1.7 Evocations
 + Level 1.5 Shapeshifting


You had 3 spell levels left.
You knew the following spells:

 Your Spells              Type           Power      Damage    Failure   Level
a - Magic Dart            Conj           100%       1d8       1%          1
b - Searing Ray           Conj           64%        2d6       1%          2
c - Fulminant Prism       Conj/Alch      10%        3d8       21%         4
d - Iskenderun's Mystic   Conj/Tloc      21%        2d6       21%         4

Your spell library contained the following spells:

 Spells                   Type           Power      Damage    Failure   Level
 Summon Ice Beast         Ice/Summ       10%        N/A       21%         3
 Summon Mana Viper        Hex/Summ       10%        N/A       88%         5
 Monstrous Menagerie      Summ           5%         N/A       100%        7


Dungeon Overview and Level Annotations

Branches:
Dungeon (5/15)
 Temple: D:4-7

Altars:
Ashenzari
Cheibriados
Fedhas
Makhleb
Trog
Wu Jian

Shops:
D:3 :   D:4 *!


Innate Abilities, Weirdness & Mutations

You have very sharp teeth.
Your uncanny sense of smell can sniff out nearby items.
Your experience applies equally to all skills.


Message History

The bombardier beetle is lightly wounded.
The liquid fire burns you!
Casting: Searing Ray (safe; 1% risk of failure)
Confirm with . or Enter, or press ? or * to list all spells.
Aiming: Searing Ray (safe; 1% risk of failure)
Press: ? - help, Shift-Dir - straight line, f - bombardier beetle
Aim: a bombardier beetle (lightly wounded, 88% to hit)
The searing ray hits the bombardier beetle!
The bombardier beetle is heavily wounded. (Press . to maintain the ray.)
The liquid fire burns you! The bombardier beetle bites you.
The searing ray hits the bombardier beetle!
The bombardier beetle is almost dead.
The liquid fire burns you! The bombardier beetle misses you.
The searing ray hits the bombardier beetle.
You kill the bombardier beetle!
The liquid fire burns you!
You are on fire!
Unknown command.
You finish channelling your searing ray.
The liquid fire burns you! The liquid fire burns you!
* * * LOW HITPOINT WARNING * * *
The liquid fire burns you!
* * * LOW HITPOINT WARNING * * *
The liquid fire burns you!
* * * LOW HITPOINT WARNING * * *
You feel better. The liquid fire burns you!
* * * LOW HITPOINT WARNING * * *
The liquid fire burns you!
* * * LOW HITPOINT WARNING * * *
The liquid fire burns you!
* * * LOW HITPOINT WARNING * * *
A red film seems to cover your vision as you go berserk!
You feel yourself moving faster!
You feel mighty! The liquid fire burns you!
You die...

#..# #..# #..##....
#.....>. #.....#
..# ## ##....# #..#
...#####....## #..#
# .....#..^....##
#..# #. ## #.....
#.@....###..# #.#.
..####....#.
#...#...##..##.#.#.
....#.......
##..###.....##.....
............ #..#
##....# #.
..<........# #..#
##....# ##
...........#
#..###...### #
..##.......#
#......### # .#
#........# #.....##
.
#.........###.....#


There were no monsters in sight!

Vanquished Creatures
  2 bombardier beetles
  Robin (D:3)
  An adder (D:4)
  4 gnolls (D:3)
  A ribbon worm (D:2)
  4 dart slugs
  2 orcs
  4 ball pythons
  5 endoplasms
  3 giant cockroaches
  4 goblins
  5 hobgoblins
  9 kobolds
  4 quokkas
  4 bats
  3 frilled lizards
  2 rats
58 creatures vanquished.

Notes
Turn   | Place    | Note
-------+----------+-------------------------------------------
     0 | D:1      | graki42 the Gnoll Conjurer began the quest for the Orb.
     0 | D:1      | Reached XP level 1. HP: 13/13 MP: 6/6
   327 | D:1      | Reached XP level 2. HP: 19/19 MP: 5/7
   330 | D:1      | Learned a level 2 spell: Searing Ray
  1128 | D:2      | Reached skill level 5 in Spellcasting
  1128 | D:2      | Reached XP level 3. HP: 25/25 MP: 5/9
  1174 | D:2      | Reached skill level 1 in Fighting
  1174 | D:2      | Reached skill level 1 in Short Blades
  1174 | D:2      | Reached skill level 1 in Long Blades
  1174 | D:2      | Reached skill level 1 in Axes
  1174 | D:2      | Reached skill level 1 in Maces & Flails
  1174 | D:2      | Reached skill level 1 in Polearms
  1174 | D:2      | Reached skill level 1 in Staves
  1174 | D:2      | Reached skill level 1 in Ranged Weapons
  1174 | D:2      | Reached skill level 1 in Throwing
  1174 | D:2      | Reached skill level 1 in Armour
  1174 | D:2      | Reached skill level 1 in Shields
  1174 | D:2      | Reached skill level 1 in Unarmed Combat
  1174 | D:2      | Reached skill level 1 in Invocations
  1174 | D:2      | Reached skill level 1 in Evocations
  1242 | D:2      | Reached skill level 1 in Shapeshifting
  1242 | D:2      | Reached XP level 4. HP: 32/32 MP: 3/11
  1799 | D:3      | Reached skill level 1 in Hexes
  1799 | D:3      | Reached skill level 1 in Summonings
  1799 | D:3      | Reached skill level 1 in Necromancy
  1799 | D:3      | Reached skill level 1 in Translocations
  1799 | D:3      | Reached skill level 1 in Fire Magic
  1799 | D:3      | Reached skill level 1 in Ice Magic
  1799 | D:3      | Reached skill level 1 in Air Magic
  1799 | D:3      | Reached skill level 1 in Earth Magic
  1799 | D:3      | Reached skill level 1 in Alchemy
  2327 | D:3      | Learned a level 4 spell: Fulminant Prism
  2328 | D:3      | Reached XP level 5. HP: 37/37 MP: 7/12
  2328 | D:3      | Noticed Robin
  2333 | D:3      | Learned a level 4 spell: Iskenderun's Mystic Blast
  2335 | D:3      | Killed Robin
  2443 | D:3      | Found Ephuugeo's Vocational Training.
  2845 | D:4      | Found a bloodstained altar of Trog.
  2849 | D:4      | Found a burning altar of Makhleb.
  2849 | D:4      | Found a snail-covered altar of Cheibriados.
  2849 | D:4      | Found an ornate altar of the Wu Jian Council.
  2853 | D:4      | Found a blossoming altar of Fedhas.
  2934 | D:4      | Found Dorot's Distillery.
  2945 | D:4      | Bought a potion of curing for 39 gold pieces
  3239 | D:4      | Found Icaann's Fire Supplies.
  3413 | D:5      | Entered Level 5 of the Dungeon
  3418 | D:5      | Found a broken altar of Ashenzari.
  3525 | D:5      | HP: 1/38 [burnt (5)]
  3529 | D:5      | Incinerated by a bombardier beetle

Illustrated notes

Levels and vault maps discovered:
D:1:      sevenhm_arrival_forest_fort_small_6, layout_loops_ring
D:2:      layout_loops_ring, kennysheep_generic_room_9
D:3:      layout_basic, minmay_misc_feat_x, nicolae_shop_vocational, uniq_robin
D:4:      layout_basic, minitemple, serial_shops, nicolae_lakefront_shop,
          nicolae_shop_fire_sale [nicolae_sub_dead_trees]
D:5:      layout_layer_cave, evilmike_ruin_ashenzari,
          minmay_temple_entry_slanted, portal_sewer_entry_d, serial_bayou_pond_e

Skill      XL: |  1  2  3  4 |
---------------+-------------+-----
Spellcasting   | 5 |  5.2
Fighting       | 1 |  1.7
Short Blades   | 1 |  1.7
Long Blades    | 1 |  1.7
Axes           | 1 |  1.7
Maces & Flails | 1 |  1.7
Polearms       | 1 |  1.7
Staves         | 1 |  1.7
Ranged Weapons | 1 |  1.7
Throwing       | 1 |  1.7
Armour         | 1 |  1.7
Shields        | 1 |  1.7
Unarmed Combat | 1 |  1.7
Invocations    | 1 |  1.9
Evocations     | 1 |  1.7
Shapeshifting  | 1 |  1.5
Hexes          | 1 |  1.3
Summonings     | 1 |  1.3
Necromancy     | 1 |  1.3
Translocations | 1 |  1.3
Fire Magic     | 1 |  1.3
Ice Magic      | 1 |  1.3
Air Magic      | 1 |  1.3
Earth Magic    | 1 |  1.3
Alchemy        | 1 |  1.3
Dodging        | |  4.9
Stealth        | |  4.5
Conjurations   | |  7.2

Action                     |  1- 3 |  4- 6 || total
---------------------------+-------+-------++-------
  Melee: Dagger            |    22 |     1 ||    23
         Punch             |     1 |       ||     1
         Bite              |       |     1 ||     1
   Cast: Magic Dart        |    23 |    33 ||    56
         Searing Ray       |     3 |    12 ||    15
    Use: Scroll            |       |     9 ||     9
         Potion            |       |     2 ||     2
   Stab: Sleeping          |     1 |       ||     1
 Armour: Robe              |    11 |     3 ||    14
  Dodge: Dodged            |    21 |     6 ||    27

Table legend: (Time is in decaauts)
 A = Elapsed time spent in this place.
 B = Non-inter-level travel time spent in this place.
 C = Inter-level travel time spent in this place.
 D = Time resting spent in this place.
 E = Time spent auto-exploring this place.
 F = Levels seen in this place.
 G = Mean time per level.
                   A        B        C        D        E       F      G
               +--------+--------+--------+--------+--------+-----+--------+
         Total |   3526 |   3419 |    107 |      0 |   3086 |   5 |  705.2 |
       Dungeon |   3526 |   3419 |    107 |      0 |   3086 |   5 |  705.2 |
               +--------+--------+--------+--------+--------+-----+--------+

Top non-repeatable levels by time:
     D:3: 884 daAuts
     D:2: 863 daAuts
     D:1: 832 daAuts
     D:4: 829 daAuts
     D:5: 115 daAuts
